3AAA
HOUSTON BC @ KEY WEST CORAL REEFERS
05/19/2034
 
TOP OF THE 1ST
Houston BC batting - Pitching for Key West Coral Reefers : LHP Todd Serrano
Pitching: LHP Todd Serrano
Batting: RHB Kenneth Noid 0-0: Ball
1-0: Foul Ball, location: 2F
1-1: Ball
2-1: Foul Ball, location: 2F
2-2: Ball
3-2: SINGLE (Flyball, 78S)
Batting: RHB Robby Arnold 0-0: Ball
1-0: Called Strike
1-1: Called Strike
1-2: Ball
2-2: Foul Ball, location: 2F
2-2: Fielders Choice at 2nd, 1-6 (Groundball, P)
Batting: RHB Jud Regan 0-0: Ball
1-0: Called Strike
1-1: Ball
2-1: Foul Ball, location: 2F
2-2: Ball
3-2: Strikes out swinging
Batting: RHB Sang Hong-Do 0-0: Called Strike
Robby Arnold steals 2nd base
0-1: Ball
1-1: Ground out 1-3 (Groundball, 13)
Top of the 1st over - 0 runs, 1 hit, 0 errors, 1 left on base; Houston 0 - Key West 0
BOTTOM OF THE 1ST
Key West Coral Reefers batting - Pitching for Houston BC : RHP Wop Baars
Pitching: RHP Wop Baars
Batting: RHB Miguel Montoya 0-0: Called Strike
0-1: Called Strike
0-2: Fly out, F8 (Flyball, 8RXD)
Batting: RHB Ed Lastinger 0-0: Ball
1-0: Called Strike
1-1: Fly out, F9 (Flyball, 9)
Batting: SHB Tony Walsh 0-0: Swinging Strike
0-1: Ball
1-1: Ball
2-1: Called Strike
2-2: Strikes out swinging
Bottom of the 1st over - 0 runs, 0 hits, 0 errors, 0 left on base; Houston 0 - Key West 0
TOP OF THE 2ND
Houston BC batting - Pitching for Key West Coral Reefers : LHP Todd Serrano
Batting: RHB António López 0-0: Ball
1-0: Swinging Strike
1-1: Called Strike
1-2: Ball
2-2: Foul Ball, location: 2F
2-2: Ball
3-2: Base on Balls
Batting: RHB Alfredo Mojica 0-0: Foul Ball, location: 2F
0-1: Ball
1-1: Ball
2-1: Ball
3-1: Swinging Strike
3-2: Foul Ball, location: 2F
3-2: Grounds into double play, 5-4-3 (Groundball, 56)
Batting: RHB Abraham Phelps 0-0: Called Strike
0-1: Called Strike
0-2: Ball
1-2: Ball
2-2: Fly out, F6 (Popup, 6)
Top of the 2nd over - 0 runs, 0 hits, 0 errors, 0 left on base; Houston 0 - Key West 0
BOTTOM OF THE 2ND
Key West Coral Reefers batting - Pitching for Houston BC : RHP Wop Baars
Batting: RHB Arturo Scantlebury 0-0: Ball
1-0: Called Strike
1-1: Foul Ball, location: 2F
1-2: Foul Ball, location: 2F
1-2: Ball
2-2: Fly out, F3 (Popup, 3SF)
Batting: SHB Dave Atkins 0-0: Ball
1-0: Ball
2-0: Called Strike
2-1: Swinging Strike
2-2: Foul Ball, location: 2F
2-2: Strikes out looking
Batting: RHB Yoshihiro Iwasaki 0-0: Called Strike
0-1: Called Strike
0-2: Ball
1-2: Foul Ball, location: 2F
1-2: Ball
2-2: Foul Ball, location: 2F
2-2: Strikes out swinging
Bottom of the 2nd over - 0 runs, 0 hits, 0 errors, 0 left on base; Houston 0 - Key West 0
TOP OF THE 3RD
Houston BC batting - Pitching for Key West Coral Reefers : LHP Todd Serrano
Batting: RHB Chet Mathis 0-0: Called Strike
0-1: DOUBLE (Flyball, 8LXD)
Batting: SHB Anastasio Delgadilo 0-0: Ball
1-0: Ground out 4-3 (Groundball, 4M)
Chet Mathis to third
Batting: RHB Kenneth Noid 0-0: Called Strike
0-1: Swinging Strike
0-2: Ball
1-2: Foul Ball, location: 2F
1-2: Ball
2-2: Foul Ball, location: 2F
2-2: Foul Ball, location: 2F
2-2: Strikes out swinging
Batting: RHB Robby Arnold 0-0: Called Strike
0-1: Ball
1-1: Called Strike
1-2: Ball
2-2: Foul Ball, location: 2F
2-2: Foul Ball, location: 2F
2-2: Fly out, F8 (Flyball, 8LD)
Top of the 3rd over - 0 runs, 1 hit, 0 errors, 1 left on base; Houston 0 - Key West 0
BOTTOM OF THE 3RD
Key West Coral Reefers batting - Pitching for Houston BC : RHP Wop Baars
Batting: RHB Craig Tricket 0-0: Called Strike
0-1: SINGLE (Flyball, 8RS)
Batting: RHB Juan Martínez 0-0: SINGLE (Groundball, 6MD)
Craig Tricket to second
Runner from 2nd tries for 3rd, SAFE, throw made to third
Batting: RHB Lorenzo Rosas 0-0: Foul Ball, location: 2F
0-1: Ball
1-1: Fly out, F7 (Flyball, 7D)
Runner from 3rd tags up, SCORES, throw made
Batting: RHB Miguel Montoya 0-0: Ball
1-0: Swinging Strike
1-1: Ball
2-1: Called Strike
2-2: SINGLE (Line Drive, 7S)
Juan Martínez to second
Batting: RHB Ed Lastinger 0-0: Ball
1-0: Ball
2-0: Grounds into double play, 3-6-1 (Groundball, 34)
Bottom of the 3rd over - 1 run, 3 hits, 0 errors, 1 left on base; Houston 0 - Key West 1
TOP OF THE 4TH
Houston BC batting - Pitching for Key West Coral Reefers : LHP Todd Serrano
Batting: RHB Jud Regan 0-0: Ball
1-0: Called Strike
1-1: Called Strike
1-2: Strikes out looking
Batting: RHB Sang Hong-Do 0-0: Ball
1-0: Called Strike
1-1: Swinging Strike
1-2: Foul Ball, location: 2F
1-2: Ball
2-2: Strikes out swinging
Batting: RHB António López 0-0: SINGLE (Groundball, 4MD)
Batting: RHB Alfredo Mojica 0-0: Called Strike
0-1: Ball
1-1: Fly out, F8 (Flyball, 8RS)
Top of the 4th over - 0 runs, 1 hit, 0 errors, 1 left on base; Houston 0 - Key West 1
BOTTOM OF THE 4TH
Key West Coral Reefers batting - Pitching for Houston BC : RHP Wop Baars
Batting: SHB Tony Walsh 0-0: Ball
1-0: SINGLE (Groundball, 34D)
Batting: RHB Arturo Scantlebury 0-0: Ball
1-0: Called Strike
1-1: Called Strike
1-2: Strikes out swinging
Batting: SHB Dave Atkins 0-0: Ball
1-0: Ball
2-0: Ball
3-0: Called Strike
3-1: Called Strike
3-2: Base on Balls
Tony Walsh to second
Batting: RHB Yoshihiro Iwasaki 0-0: Called Strike
0-1: Ball
1-1: Foul Ball, location: 2F
1-2: Foul Ball, location: 2F
1-2: Foul Ball, location: 2F
1-2: Ball
2-2: Foul Ball, location: 2F
2-2: Strikes out swinging
Batting: RHB Craig Tricket 0-0: Called Strike
0-1: Ball
1-1: Swinging Strike
1-2: Hit by Pitch
Tony Walsh to third
Dave Atkins to second
Batting: RHB Juan Martínez 0-0: Ball
1-0: Swinging Strike
1-1: Called Strike
1-2: Ball
2-2: Ball
3-2: Base on Balls
Tony Walsh scores
Dave Atkins to third
Craig Tricket to second
Batting: RHB Lorenzo Rosas 0-0: Called Strike
0-1: Hit by Pitch
Dave Atkins scores
Craig Tricket to third
Juan Martínez to second
Batting: RHB Miguel Montoya 0-0: Swinging Strike
0-1: Ball
1-1: Foul Ball, location: 2F
1-2: Ball
2-2: Ball
3-2: Fly out, F9 (Flyball, 89D)
Bottom of the 4th over - 2 runs, 1 hit, 0 errors, 3 left on base; Houston 0 - Key West 3
TOP OF THE 5TH
Houston BC batting - Pitching for Key West Coral Reefers : LHP Todd Serrano
Batting: RHB Abraham Phelps 0-0: Called Strike
0-1: Swinging Strike
0-2: SINGLE (Groundball, 4) (infield hit)
Batting: RHB Chet Mathis 0-0: Called Strike
0-1: Ball
1-1: Fly out, F8 (Flyball, 8LD)
Batting: SHB Anastasio Delgadilo 0-0: Foul Ball, location: 2F
0-1: Called Strike
0-2: Foul Ball, location: 2F
0-2: Ball
1-2: Foul Ball, location: 2F
1-2: Strikes out swinging
Batting: RHB Kenneth Noid 0-0: Swinging Strike
0-1: SINGLE (Groundball, 6) (infield hit)
Abraham Phelps to second
Batting: RHB Robby Arnold 0-0: Ball
1-0: Fly out, F7 (Line Drive, 7)
Top of the 5th over - 0 runs, 2 hits, 0 errors, 2 left on base; Houston 0 - Key West 3
BOTTOM OF THE 5TH
Key West Coral Reefers batting - Pitching for Houston BC : RHP Wop Baars
Batting: RHB Ed Lastinger 0-0: Ball
1-0: Called Strike
1-1: Foul Ball, location: 2F
1-2: Ball
2-2: Fly out, F6 (Line Drive, 6)
Batting: SHB Tony Walsh 0-0: Swinging Strike
0-1: Fly out, F7 (Flyball, 78D)
Batting: RHB Arturo Scantlebury 0-0: Ball
1-0: Ball
2-0: Foul Ball, location: 2F
2-1: Foul Ball, location: 2F
2-2: Ball
3-2: Foul Ball, location: 2F
3-2: Base on Balls
Batting: SHB Dave Atkins 0-0: Ball
1-0: Ball
2-0: Called Strike
2-1: Called Strike
2-2: Foul Ball, location: 2F
2-2: Fly out, F8 (Flyball, 8LS)
Bottom of the 5th over - 0 runs, 0 hits, 0 errors, 1 left on base; Houston 0 - Key West 3
TOP OF THE 6TH
Houston BC batting - Pitching for Key West Coral Reefers : LHP Todd Serrano
Batting: RHB Jud Regan 0-0: SINGLE (Groundball, 4D)
Batting: RHB Sang Hong-Do 0-0: Foul Ball, location: 2F
0-1: Ball
1-1: Ball
2-1: Foul Ball, location: 2F
2-2: Ball
3-2: 2-RUN HOME RUN (Flyball, 7D), Distance : 411 ft
Pitching: RHP Mark Deeds
Batting: RHB António López 0-0: Ball
1-0: Ball
2-0: Ball
3-0: Called Strike
3-1: Base on Balls
Batting: RHB Alfredo Mojica 0-0: Bunted foul
0-1: Reached on error, E5 (Groundball, 5S)
António López to third
Batting: RHB Abraham Phelps 0-0: Swinging Strike
0-1: Ball
1-1: SINGLE (Groundball, 6MD)
António López scores
Alfredo Mojica to third
Batting: RHB Chet Mathis 0-0: Foul Ball, location: 2F
0-1: Ground out 5-3 (Groundball, 56D)
Abraham Phelps to second
Batting: SHB Anastasio Delgadilo 0-0: Called Strike
0-1: Ball
1-1: Ground out 4-3 (Groundball, 34)
Batting: RHB Kenneth Noid 0-0: Ball
1-0: Ball
2-0: 3-RUN HOME RUN (Flyball, 7LD), Distance : 371 ft
Pitching: RHP David Douglas
Batting: RHB Robby Arnold 0-0: Foul Ball, location: 2F
0-1: Ball
1-1: Fly out, F9 (Flyball, 9)
Top of the 6th over - 6 runs, 4 hits, 1 error, 0 left on base; Houston 6 - Key West 3
BOTTOM OF THE 6TH
Key West Coral Reefers batting - Pitching for Houston BC : RHP Wop Baars
Batting: RHB Yoshihiro Iwasaki 0-0: Ball
1-0: Ball
2-0: Foul Ball, location: 2F
2-1: Ground out 6-3 (Groundball, 6)
Batting: RHB Craig Tricket 0-0: Swinging Strike
0-1: Called Strike
0-2: Fly out, F8 (Flyball, 89D)
Batting: RHB Juan Martínez 0-0: Swinging Strike
0-1: Fly out, F4 (Popup, 4S)
Bottom of the 6th over - 0 runs, 0 hits, 0 errors, 0 left on base; Houston 6 - Key West 3
TOP OF THE 7TH
Houston BC batting - Pitching for Key West Coral Reefers : RHP David Douglas
Batting: RHB Jud Regan 0-0: Ball
1-0: Ball
2-0: Ball
3-0: Base on Balls
Batting: RHB Sang Hong-Do 0-0: Ball
Jud Regan steals 2nd base
1-0: Ball
2-0: Ball
3-0: Base on Balls
Batting: RHB António López 0-0: Ball
1-0: Ball
2-0: Ball
3-0: Called Strike
3-1: Base on Balls
Jud Regan to third
Sang Hong-Do to second
Batting: RHB Alfredo Mojica 0-0: Foul Ball, location: 2F
0-1: DOUBLE (Groundball, 5L)
Jud Regan scores
Sang Hong-Do scores
António López to third
Batting: RHB Abraham Phelps 0-0: Ball
1-0: Ball
2-0: Ball
3-0: Base on Balls
Batting: RHB Chet Mathis 0-0: Foul Ball, location: 2F
0-1: Foul Ball, location: 2F
0-2: Ball
1-2: Strikes out swinging
Batting: SHB Anastasio Delgadilo 0-0: Foul Ball, location: 2F
0-1: Swinging Strike
0-2: Ball
1-2: Strikes out looking
Batting: RHB Kenneth Noid 0-0: Ball
1-0: Called Strike
1-1: Called Strike
1-2: Strikes out looking
Top of the 7th over - 2 runs, 1 hit, 0 errors, 3 left on base; Houston 8 - Key West 3
BOTTOM OF THE 7TH
Key West Coral Reefers batting - Pitching for Houston BC : RHP Wop Baars
Batting: RHB Lorenzo Rosas 0-0: Ball
1-0: Foul Ball, location: 2F
1-1: Ball
2-1: Ball
3-1: Base on Balls
Batting: RHB Miguel Montoya 0-0: Grounds into double play, 6-4-3 (Groundball, 6)
Batting: RHB Ed Lastinger 0-0: SINGLE (Flyball, 9S)
Pitching: RHP Pete Venegas
Batting: SHB Tony Walsh 0-0: Ball
1-0: Fly out, F4 (Popup, 4S)
Bottom of the 7th over - 0 runs, 1 hit, 0 errors, 1 left on base; Houston 8 - Key West 3
TOP OF THE 8TH
Houston BC batting - Pitching for Key West Coral Reefers : RHP David Douglas
Batting: RHB Robby Arnold 0-0: SINGLE (Groundball, 6D)
Batting: RHB Jud Regan 0-0: Ball
1-0: Ball
2-0: Foul Ball, location: 2F
2-1: Grounds into double play, 4-6-3 (Groundball, 4)
Batting: RHB Sang Hong-Do 0-0: Ball
1-0: Ground out 6-3 (Groundball, 6M)
Top of the 8th over - 0 runs, 1 hit, 0 errors, 0 left on base; Houston 8 - Key West 3
BOTTOM OF THE 8TH
Key West Coral Reefers batting - Pitching for Houston BC : RHP Pete Venegas
Now in RF: Earl Wiley
Batting: RHB Arturo Scantlebury 0-0: Ball
1-0: Fly out, F8 (Flyball, 8RS)
Batting: SHB Dave Atkins 0-0: Called Strike
0-1: Ball
1-1: Ball
2-1: Foul Ball, location: 2F
2-2: Foul Ball, location: 2F
2-2: Foul Ball, location: 2F
2-2: Strikes out looking
Batting: RHB Yoshihiro Iwasaki 0-0: Called Strike
0-1: SINGLE (Line Drive, 5D)
Batting: RHB Craig Tricket 0-0: Called Strike
0-1: Ball
1-1: Ground out 5-3 (Groundball, 56)
Bottom of the 8th over - 0 runs, 1 hit, 0 errors, 1 left on base; Houston 8 - Key West 3
TOP OF THE 9TH
Houston BC batting - Pitching for Key West Coral Reefers : RHP David Douglas
Batting: RHB António López 0-0: Fly out, F4 (Popup, 4S)
Batting: RHB Alfredo Mojica 0-0: Ball
1-0: Ball
2-0: Ball
3-0: Called Strike
3-1: Foul Ball, location: 2F
3-2: Base on Balls
Batting: RHB Abraham Phelps 0-0: Ball
1-0: Ball
2-0: Ball
3-0: Base on Balls
Alfredo Mojica to second
Batting: RHB Chet Mathis 0-0: 3-RUN HOME RUN (Line Drive, 7D), Distance : 402 ft
Batting: SHB Anastasio Delgadilo 0-0: Ground out 1-3 (Groundball, 13S)
Batting: RHB Kenneth Noid 0-0: Ball
1-0: Ball
2-0: Called Strike
2-1: Foul Ball, location: 2F
2-2: Strikes out swinging
Top of the 9th over - 3 runs, 1 hit, 0 errors, 0 left on base; Houston 11 - Key West 3
BOTTOM OF THE 9TH
Key West Coral Reefers batting - Pitching for Houston BC : RHP Pete Venegas
Now at C: José Perea
Batting: RHB Juan Martínez 0-0: Foul Ball, location: 2F
0-1: Ball
1-1: Ball
2-1: Fly out, F9 (Line Drive, 9)
Batting: RHB Lorenzo Rosas 0-0: Foul Ball, location: 2F
0-1: Swinging Strike
0-2: Foul Ball, location: 2F
0-2: Foul Ball, location: 2F
0-2: Ball
1-2: Ball
2-2: Ball
3-2: Fly out, F7 (Flyball, 7D)
Batting: RHB Miguel Montoya 0-0: Ball
1-0: Fly out, F9 (Line Drive, 9S)
Bottom of the 9th over - 0 runs, 0 hits, 0 errors, 0 left on base; Houston 11 - Key West 3
Friday, March 29th, 2019 - OOTP Baseball 18.8 Build 76